[Event "January 2 Late 2024"]
[Site "https://www.chess.com"]
[Date "2024.01.02"]
[Round "11"]
[White "Kadric, Denis"]
[Black "Anton Guijarro, David"]
[Result "0-1"]
[Board "9"]
[TimeControl "180+1"]
[WhiteFideId "14403803"]
[BlackFideId "2285525"]
[WhiteElo "2859"]
[BlackElo "2991"]
[WhiteTeam "MNE"]
[BlackTeam "ESP"]
[WhiteClock "0:00:43"]
[BlackClock "0:00:51"]

1. e4 c5 2. Nc3 Nc6 3. Nge2 g6 4. d4 cxd4 5. Nxd4 Bg7 6. Be3 Nf6 7. Bc4 Qa5 8. O-O O-O 9. Bb3 d6 10. h3 Bd7 11. Re1 Rac8 12. Nf3 Rfd8 13. Qd2 Qh5 14. Qe2 b6 15. Rad1 Na5 16. Nd4 Qxe2 17. Rxe2 Rxc3 18. bxc3 Nxe4 19. Bd2 Nxd2 20. Rdxd2 Kf8 21. Rd3 Rc8 22. Rf3 Bf6 23. g4 h6 24. Kh2 Rc5 25. Kg3 Nc4 26. Bxc4 Rxc4 27. h4 Ra4 28. Rfe3 g5 29. hxg5 hxg5 30. Nf5 Bxf5 31. gxf5 Rxa2 32. Re4 Ra3 33. Rc4 Rxc3+ 34. Rxc3 Bxc3 35. Kg4 b5 36. Kxg5 a5 37. Kf4 a4 38. Re3 b4 39. Re4 a3 40. Rc4 a2 0-1

[Event "January 2 Late 2024"]
[Site "https://www.chess.com"]
[Date "2024.01.02"]
[Round "11"]
[White "Rasulov, Vugar"]
[Black "Czarnota, Pawel"]
[Result "1-0"]
[Board "10"]
[TimeControl "180+1"]
[WhiteFideId "13402390"]
[BlackFideId "1121219"]
[WhiteElo "2974"]
[BlackElo "2858"]
[WhiteTeam "AZE"]
[BlackTeam "POL"]
[WhiteClock "0:00:34"]
[BlackClock "0:00:00"]

1. Nf3 Nf6 2. g3 g6 3. Bg2 Bg7 4. O-O O-O 5. c4 d6 6. Nc3 Nbd7 7. d3 e5 8. Rb1 a5 9. a3 Re8 10. Bg5 h6 11. Bxf6 Nxf6 12. Nd2 c6 13. b4 axb4 14. axb4 d5 15. b5 Be6 16. Nb3 Qd6 17. bxc6 bxc6 18. cxd5 cxd5 19. d4 Bf5 20. Rc1 Ne4 21. Nb5 Qb4 22. Nc7 Nc3 23. Rxc3 Qxc3 24. Nxa8 Rxa8 25. dxe5 Qxe5 26. Qxd5 Rb8 27. e3 Qxd5 28. Bxd5 Rb5 29. e4 Bxe4 30. Bxe4 Rxb3 31. Rd1 Rb6 32. Rd7 Rf6 33. Bd5 g5 34. f3 Bf8 35. Kf2 Kg7 36. Ke3 h5 37. Ke4 Bd6 38. Bxf7 Rxf7 39. Rxd6 Kh7 40. Re6 Kg7 41. f4 gxf4 42. gxf4 Ra7 43. Kf5 Ra2 44. h4 Rg2 45. Re7+ Kh6 46. Re8 Rg4 47. Rh8+ Kg7 48. Rxh5 1-0

[Event "January 2 Late 2024"]
[Site "https://www.chess.com"]
[Date "2024.01.02"]
[Round "11"]
[White "Mekhitarian, Krikor Sevag"]
[Black "Santos Latasa, Jaime"]
[Result "0-1"]
[Board "11"]
[TimeControl "180+1"]
[WhiteFideId "2107660"]
[BlackFideId "2293307"]
[WhiteElo "2849"]
[BlackElo "2919"]
[WhiteTeam "BRA"]
[BlackTeam "ESP"]
[WhiteClock "0:00:00"]
[BlackClock "0:01:04"]

1. Nf3 Nf6 2. c4 e6 3. Nc3 d5 4. cxd5 exd5 5. d4 c6 6. Bf4 Bf5 7. e3 Nbd7 8. h3 h6 9. g4 Bh7 10. Bd3 Bxd3 11. Qxd3 Bb4 12. Kf1 Qe7 13. Kg2 Qe6 14. a3 Bxc3 15. bxc3 Ne4 16. Nd2 Nxd2 17. Qxd2 Nb6 18. Qd3 Nc4 19. a4 g5 20. Bg3 h5 21. Qf5 Qxf5 22. gxf5 Kd7 23. Kf3 a5 24. Ke2 Rae8 25. Rab1 b6 26. Kd3 Re4 27. Rhe1 Rhe8 28. Re2 f6 29. Rbe1 h4 30. Bh2 b5 31. f3 R4e7 32. e4 bxa4 33. Ra2 a3 34. Rb1 Ra8 35. Rb3 Ra6 36. Rb8 a4 37. Rf8 Nb2+ 38. Ke3 Nc4+ 39. Kd3 Rb6 40. Rxf6 Rb2 41. Rxb2 axb2 42. Kc2 a3 0-1

[Event "January 2 Late 2024"]
[Site "https://www.chess.com"]
[Date "2024.01.02"]
[Round "11"]
[White "Lagarde, Maxime"]
[Black "Ibarra Jerez, Jose Carlos"]
[Result "0-1"]
[Board "12"]
[TimeControl "180+1"]
[WhiteFideId "662399"]
[BlackFideId "2226332"]
[WhiteElo "2813"]
[BlackElo "2908"]
[WhiteTeam "FRA"]
[BlackTeam "ESP"]
[WhiteClock "0:00:00"]
[BlackClock "0:00:02"]

1. d4 Nf6 2. c4 d6 3. Nc3 e5 4. Nf3 e4 5. Ng5 Qe7 6. Nh3 h6 7. Bf4 g5 8. Bg3 e3 9. fxe3 Bf5 10. Nf2 Qxe3 11. Qd2 Qxd2+ 12. Kxd2 Nh5 13. e3 Nxg3 14. hxg3 c5 15. g4 Be6 16. d5 Bc8 17. Bd3 Nd7 18. b3 Bg7 19. Bf5 Ke7 20. Raf1 a6 21. Nfe4 b5 22. Ng3 bxc4 23. bxc4 Ne5 24. Bxc8 Nxc4+ 25. Kd3 Ne5+ 26. Ke4 Rhxc8 27. Nf5+ Kf8 28. Nxd6 Rd8 29. Nf5 Nxg4 30. Kd3 c4+ 31. Kc2 Bxc3 32. Kxc3 Rxd5 33. Nxh6 Nxe3 34. Rxf7+ Ke8 35. Rh7 Rd3+ 36. Kb4 Rb8+ 37. Kc5 Rc8+ 38. Kb6 Rd6+ 39. Ka5 Rc5+ 40. Ka4 Rb5 41. Re1 Rd3 42. Ng4 c3 43. Nxe3 Re5 44. Nc4 Rxe1 45. Kb3 Re2 46. Na3 Rb2+ 0-1

[Event "January 2 Late 2024"]
[Site "https://www.chess.com"]
[Date "2024.01.02"]
[Round "11"]
[White "Duda, Jan-Krzysztof"]
[Black "Troff, Kayden"]
[Result "1/2-1/2"]
[Board "13"]
[TimeControl "180+1"]
[WhiteFideId "1170546"]
[BlackFideId "2047896"]
[WhiteElo "3038"]
[BlackElo "2821"]
[WhiteTeam "POL"]
[BlackTeam "USA"]
[WhiteClock "0:00:06"]
[BlackClock "0:00:10"]

1. e4 c5 2. f4 g6 3. Nf3 Bg7 4. c3 Nc6 5. Bb5 d5 6. Bxc6+ bxc6 7. e5 Ba6 8. d3 f6 9. O-O Nh6 10. Be3 d4 11. cxd4 Nf5 12. Qc1 O-O 13. dxc5 Qxd3 14. Re1 fxe5 15. fxe5 Nxe3 16. Qxe3 Qxe3+ 17. Rxe3 Rab8 18. b3 Rb5 19. Nc3 Rxc5 20. Ne4 Rxe5 21. Nxe5 Bxe5 22. Rae1 Bd4 23. Nd2 Rd8 24. Nf3 Bxe3+ 25. Rxe3 Rd1+ 26. Kf2 Kf8 27. Rc3 Ra1 28. a4 Ra2+ 29. Kg3 Bf1 30. Ne1 Ke8 31. Rxc6 Re2 32. Rc1 Rb2 33. Rc8+ Kd7 34. Ra8 Rxb3+ 35. Kf2 Bc4 36. Rxa7+ Ke6 37. h4 Kf6 38. Rc7 Bd5 39. Rc5 e6 40. a5 Rb2+ 41. Kg3 Ra2 42. Nf3 Bxf3 43. gxf3 h6 44. Rb5 g5 45. hxg5+ hxg5 46. Rc5 Ra3 47. Kf2 Ra2+ 48. Ke3 Ra3+ 49. Ke2 Ra2+ 50. Ke1 Ra3 51. Kf2 Kg6 52. Rb5 Kf6 53. Ke2 Kg6 54. Re5 Kf6 55. Rc5 Kg6 56. Rb5 Kf6 57. Kf2 Kg6 58. Kg3 Kf6 59. Rc5 Ra2 60. Kg4 Ra4+ 61. Kg3 Ra2 62. Rb5 Kg6 63. f4 Ra3+ 64. Kg4 gxf4 65. Kxf4 Kf6 66. Ke4 e5 67. Rb6+ Ke7 68. a6 Kd7 69. Kxe5 Kc7 70. Rg6 Kb8 71. Kd4 Ka7 72. Kc5 Ra5+ 73. Kb4 Rxa6 74. Rxa6+ Kxa6 1/2-1/2

[Event "January 2 Late 2024"]
[Site "https://www.chess.com"]
[Date "2024.01.02"]
[Round "11"]
[White "Panchenko, Dmitry"]
[Black "Naroditsky, Daniel"]
[Result "0-1"]
[Board "14"]
[TimeControl "180+1"]
[WhiteFideId "4169158"]
[BlackFideId "2026961"]
[WhiteElo "2825"]
[BlackElo "3132"]
[WhiteTeam "RUS"]
[BlackTeam "USA"]
[WhiteClock "0:02:27"]
[BlackClock "0:02:53"]

1. e4 c5 2. Nf3 d6 3. d4 cxd4 4. Nxd4 Nf6 5. Nc3 a6 6. Be2 e5 7. Nb3 Be7 8. O-O O-O 9. Be3 Be6 10. Qd2 Nbd7 11. a4 Rc8 12. f3 Nb6 13. a5 Nc4 14. Bxc4 Rxc4 15. Bb6 Qc8 16. Kh1 Qc6 17. Rad1 Rc8 18. Nd5 Bxd5 19. exd5 Qb5 20. Na1 Qxb2 21. Rfe1 h6 22. Bf2 Rxc2 23. Nxc2 Rxc2 24. Be3 Rxd2 25. Rxd2 Qb4 26. Red1 Qxa5 27. Rd3 Nd7 28. g3 Nc5 29. Bxc5 Qxc5 30. Kg2 b5 0-1

[Event "January 2 Late 2024"]
[Site "https://www.chess.com"]
[Date "2024.01.02"]
[Round "11"]
[White "Krzyzanowski, Marcin"]
[Black "Pranav, V"]
[Result "0-1"]
[Board "15"]
[TimeControl "180+1"]
[WhiteFideId "1132199"]
[BlackFideId "25060783"]
[WhiteElo "2791"]
[BlackElo "3025"]
[WhiteTeam "POL"]
[BlackTeam "IND"]
[WhiteClock "0:00:00"]
[BlackClock "0:01:33"]

1. e4 e5 2. Nf3 Nc6 3. Bb5 a6 4. Ba4 Nf6 5. Nc3 b5 6. Bb3 Be7 7. a4 b4 8. Nd5 O-O 9. d3 Rb8 10. a5 d6 11. Bd2 Bg4 12. Bc4 Nxd5 13. exd5 Nd4 14. Bxa6 Qd7 15. c3 bxc3 16. Bxc3 Nxf3+ 17. gxf3 Bh5 18. Rg1 Qf5 19. Bc4 Bxf3 20. Qd2 c6 21. dxc6 d5 22. c7 Rbc8 23. Ba6 Rxc7 24. d4 e4 25. Be2 h6 26. a6 Bg5 27. Rxg5 hxg5 28. O-O-O Ra8 29. Rg1 f6 30. Bxf3 exf3 31. Re1 Rxa6 32. Re8+ Kf7 33. Qe3 Re6 34. Rxe6 Qxe6 35. Qxf3 Qe4 36. Qh5+ Kg8 37. Kd2 Re7 38. Kc1 Qf4+ 39. Kb1 Qxf2 40. Qg4 Qf1+ 41. Ka2 Qa6+ 42. Kb1 Qe6 43. Qh5 g4 44. Qh4 f5 45. Qg5 Qf6 46. Qxg4 fxg4 0-1

[Event "January 2 Late 2024"]
[Site "https://www.chess.com"]
[Date "2024.01.02"]
[Round "11"]
[White "Yarar, Bora"]
[Black "Xiong, Jeffery"]
[Result "1/2-1/2"]
[Board "16"]
[TimeControl "180+1"]
[WhiteFideId "34588400"]
[BlackFideId "2047640"]
[WhiteElo "2787"]
[BlackElo "3011"]
[WhiteTeam "TUR"]
[BlackTeam "USA"]
[WhiteClock "0:00:07"]
[BlackClock "0:00:55"]

1. e4 c5 2. c3 e6 3. d4 cxd4 4. cxd4 d5 5. e5 Nc6 6. Nf3 Nge7 7. Na3 Nf5 8. Nc2 Be7 9. Bd3 g5 10. g4 Nh4 11. Nxh4 gxh4 12. h3 Qb6 13. Rb1 Bd7 14. Be3 Nb4 15. Nxb4 Bxb4+ 16. Kf1 Be7 17. Kg2 O-O-O 18. b4 Rdg8 19. a4 h5 20. a5 Qd8 21. b5 Kb8 22. a6 b6 23. f3 Bg5 24. Qd2 Bxe3 25. Qxe3 f5 26. exf6 Qxf6 27. Rbe1 Rc8 28. Rc1 Rhf8 29. g5 Qf4 30. Rxc8+ Kxc8 31. Qxf4 Rxf4 32. g6 Be8 33. g7 Bf7 34. Bh7 Rxd4 35. Rc1+ Kd7 36. Rc2 Rb4 37. g8=Q Bxg8 38. Bxg8 Rxb5 39. Re2 Ra5 40. Bxe6+ Kd6 41. Bc8 d4 42. f4 Kd5 43. f5 d3 44. Rd2 Ke4 45. Kf2 Rc5 46. Bb7+ Kxf5 47. Rxd3 Ke5 48. Rd7 Rc2+ 49. Ke3 Rc3+ 50. Rd3 Rc5 51. Bf3 Ra5 52. Bb7 Rc5 53. Kd2 Kf4 54. Rd7 Kg3 55. Be4 Kxh3 56. Rxa7 Ra5 57. Bd3 b5 58. Ra8 Kh2 59. a7 h3 60. Be2 h4 61. Bg4 Kg3 62. Bd7 h2 63. Rg8+ Kf4 64. Bc6 Rxa7 65. Rh8 Kg3 66. Rg8+ Kf4 67. Rh8 Kg5 68. Rg8+ Kf6 69. Rh8 Rc7 70. Rxh4 Rxc6 71. Rxh2 Rc5 72. Kd3 Ke6 73. Rh6+ Kd7 74. Kd4 Rc4+ 75. Kd5 Kc7 76. Rg6 Kb7 77. Rf6 Rc8 78. Rg6 Rc1 79. Rf6 b4 80. Rf4 Rb1 81. Kc4 Kb6 82. Rf5 Ka6 83. Rg5 Rb2 84. Rf5 b3 85. Rf3 Ka5 86. Rxb3 Rxb3 87. Kxb3 1/2-1/2

[Event "January 2 Late 2024"]
[Site "https://www.chess.com"]
[Date "2024.01.02"]
[Round "11"]
[White "Kollars, Dmitrij"]
[Black "Song, Ethan"]
[Result "1-0"]
[Board "17"]
[TimeControl "180+1"]
[WhiteFideId "12909572"]
[BlackFideId "62900412"]
[WhiteElo "3002"]
[BlackElo "2779"]
[WhiteTeam "GER"]
[BlackTeam "CAN"]
[WhiteClock "0:00:17"]
[BlackClock "0:00:18"]

1. e4 e5 2. Nf3 Nc6 3. Bb5 Nf6 4. O-O Nxe4 5. Re1 Nd6 6. Nxe5 Nxe5 7. Rxe5+ Be7 8. Bf1 O-O 9. d4 Bf6 10. Re2 Re8 11. Bf4 Rxe2 12. Bxe2 Ne8 13. c4 d6 14. Nc3 c6 15. Ne4 Bf5 16. Nxf6+ Nxf6 17. Qb3 b6 18. Re1 Qd7 19. Bf3 d5 20. Be5 Re8 21. Rc1 Be6 22. c5 b5 23. a4 a6 24. axb5 axb5 25. Qa3 Ne4 26. h3 Nd2 27. Bh5 Nc4 28. Qg3 Nxe5 29. dxe5 d4 30. Rd1 Qd5 31. b4 Qc4 32. Qd3 Qxb4 33. Qxd4 Qxd4 34. Rxd4 Bd5 35. f4 f6 36. exf6 g6 37. Bf3 Bxf3 38. gxf3 Kf7 39. Rd7+ Kxf6 40. Rc7 Re6 41. Kf2 h5 42. Kg3 Kf5 43. Rf7+ Rf6 44. Re7 Re6 45. Rf7+ Rf6 46. Rd7 Re6 47. h4 Kf6 48. Rc7 Kf5 49. Rf7+ Rf6 50. Rd7 Re6 51. Rf7+ Rf6 52. Re7 Re6 53. Rc7 Rf6 54. Rc8 Re6 55. Rd8 Rf6 56. Rd7 Re6 57. Rd4 Rf6 58. Kf2 Re6 59. Kg2 Re2+ 60. Kg3 Re6 61. Kf2 Rf6 62. Ke2 Re6+ 63. Kd3 Rf6 64. Kc3 Re6 65. Kb4 Rf6 66. Ka5 Re6 67. Kb6 Re3 68. Kxc6 Rxf3 69. Kxb5 Rc3 70. c6 Kg4 71. Rc4 Rb3+ 72. Ka6 Rb8 73. c7 Rc8 74. Kb7 Rxc7+ 75. Kxc7 Kxh4 76. f5+ Kg5 77. fxg6 Kxg6 78. Kd6 Kg5 79. Ke5 h4 80. Ke4 Kg4 81. Ke3+ Kg3 82. Ke2 h3 83. Kf1 h2 84. Rc3+ Kg4 85. Kg2 1-0

[Event "January 2 Late 2024"]
[Site "https://www.chess.com"]
[Date "2024.01.02"]
[Round "11"]
[White "Salem, A.R. Saleh"]
[Black "Lie, Kjetil A."]
[Result "1-0"]
[Board "19"]
[TimeControl "180+1"]
[WhiteFideId "9301348"]
[BlackFideId "1501984"]
[WhiteElo "2974"]
[BlackElo "2764"]
[WhiteTeam "UAE"]
[BlackTeam "NOR"]
[WhiteClock "0:01:17"]
[BlackClock "0:00:06"]

1. d4 Nf6 2. c4 c5 3. d5 e6 4. Nc3 exd5 5. cxd5 d6 6. e4 g6 7. f4 Bg7 8. Bb5+ Nfd7 9. Nf3 a6 10. Bd3 b5 11. O-O O-O 12. h3 Ra7 13. a3 Nf6 14. f5 Nfd7 15. Bf4 Qe7 16. Qd2 Ne5 17. Nxe5 Bxe5 18. Bh6 Re8 19. Rae1 Nd7 20. Kh1 c4 21. Bc2 Nc5 22. Ne2 Qh4 23. Nd4 Bxd4 24. Bg5 Qh5 25. Bd1 Nb3 26. Bxb3 cxb3 27. Qxd4 Rc7 28. Qf6 Rc2 29. Re3 gxf5 30. Rg3 f4 1-0

[Event "January 2 Late 2024"]
[Site "https://www.chess.com"]
[Date "2024.01.02"]
[Round "11"]
[White "Yoo, Christopher Woojin"]
[Black "Bardyk, Artem"]
[Result "1-0"]
[Board "20"]
[TimeControl "180+1"]
[WhiteFideId "30909694"]
[BlackFideId "34349979"]
[WhiteElo "2925"]
[BlackElo "2734"]
[WhiteTeam "USA"]
[BlackTeam "RUS"]
[WhiteClock "0:02:34"]
[BlackClock "0:00:42"]

1. e4 e5 2. Nf3 Nc6 3. Bb5 Nge7 4. O-O Ng6 5. c3 d5 6. Qa4 dxe4 7. Qxe4 f5 8. Qa4 Bd6 9. d4 e4 10. Bg5 Qd7 11. d5 O-O 12. dxc6 Qf7 13. Bc4 Be6 14. Bxe6 Qxe6 15. Nd4 Qe5 16. f4 exf3 17. Qc4+ Kh8 18. Nxf3 Qe4 19. Nbd2 1-0

[Event "January 2 Late 2024"]
[Site "https://www.chess.com"]
[Date "2024.01.02"]
[Round "11"]
[White "Zhigalko, Sergei"]
[Black "Sevgi, Volkan"]
[Result "1-0"]
[Board "21"]
[TimeControl "180+1"]
[WhiteFideId "13502956"]
[BlackFideId "6325335"]
[WhiteElo "2909"]
[BlackElo "2699"]
[WhiteTeam "BLR"]
[BlackTeam "TUR"]
[WhiteClock "0:00:10"]
[BlackClock "0:00:07"]

1. e4 c6 2. d4 g6 3. Nc3 Bg7 4. Nf3 d5 5. Bd3 dxe4 6. Nxe4 Nf6 7. c3 O-O 8. O-O Nxe4 9. Bxe4 Nd7 10. Re1 Nf6 11. Bc2 Qc7 12. Ne5 Rd8 13. Bf4 Qb6 14. Bb3 Nd5 15. Qf3 Be6 16. Bg3 Rf8 17. Nd3 Bf5 18. Nc5 Rad8 19. h3 Rfe8 20. Re2 h6 21. Rae1 e6 22. Be5 g5 23. h4 g4 24. Qg3 Bxe5 25. Rxe5 h5 26. f3 Qc7 27. fxg4 hxg4 28. Qf2 Bh7 29. Rg5+ Kf8 30. Nxe6+ Rxe6 31. Rxe6 Nf4 32. Ree5 Ng6 33. Qf6 Nxe5 34. Qg7+ Ke7 35. Rxe5+ Kd7 36. Qxh7 Kc8 37. Qf5+ Kb8 38. Qxg4 f6 39. Rf5 Qe7 40. Qg3+ Rd6 41. Bc4 Kc7 42. Rf1 b5 43. Re1 Qd7 44. Re6 bxc4 45. Qxd6+ Qxd6 46. Rxd6 Kxd6 47. g4 Ke6 48. Kf2 f5 49. gxf5+ Kxf5 50. Kf3 a5 51. a4 1-0

[Event "January 2 Late 2024"]
[Site "https://www.chess.com"]
[Date "2024.01.02"]
[Round "11"]
[White "Rojas Alarcon, Julian Antonio"]
[Black "Szpar, Milosz"]
[Result "0-1"]
[Board "22"]
[TimeControl "180+1"]
[WhiteFideId "5107407"]
[BlackFideId "1184989"]
[WhiteElo "2673"]
[BlackElo "2883"]
[WhiteTeam "MEX"]
[BlackTeam "POL"]
[WhiteClock "0:00:41"]
[BlackClock "0:00:49"]

1. c4 e6 2. g3 d5 3. Bg2 Nf6 4. Nf3 Be7 5. O-O O-O 6. b3 a5 7. Bb2 a4 8. e3 c6 9. Qe2 Nbd7 10. d3 b5 11. Nd4 Qb6 12. cxb5 cxb5 13. Rc1 a3 14. Bc3 b4 15. Be1 Nc5 16. Nd2 Ba6 17. Nc4 dxc4 18. Bxa8 cxb3 19. Nxb3 Nxb3 20. axb3 Rxa8 21. Qf3 Rd8 22. d4 Bb7 23. Qe2 Bd5 24. Qd3 Ba8 25. Qe2 Qb7 26. f3 Qxf3 27. Qxf3 Bxf3 28. Rc7 Bf8 29. Rac1 g5 30. Kf2 Bd5 31. Ra7 Rd7 32. Ra4 Bxb3 33. Ra8 Bd5 34. Bxb4 Bxa8 35. Rc8 Bb7 36. Rxf8+ Kg7 37. Bxa3 Ng4+ 38. Ke2 Nxh2 39. Rb8 Ng4 40. Bb2 Bd5 41. Kd3 Nf2+ 42. Ke2 Ne4 43. g4 Rb7 44. Rxb7 Bxb7 45. d5+ Kg6 46. dxe6 fxe6 0-1

[Event "January 2 Late 2024"]
[Site "https://www.chess.com"]
[Date "2024.01.02"]
[Round "11"]
[White "Kukhmazov, Arsen"]
[Black "Adewumi, Tanitoluwa"]
[Result "1-0"]
[Board "23"]
[TimeControl "180+1"]
[WhiteFideId "24108260"]
[BlackFideId "30966396"]
[WhiteElo "2874"]
[BlackElo "2730"]
[WhiteTeam "FID"]
[BlackTeam "USA"]
[WhiteClock "0:01:07"]
[BlackClock "0:00:02"]

1. d4 Nf6 2. c4 e6 3. Nf3 b6 4. a3 Bb7 5. Nc3 Be7 6. d5 d6 7. e4 Nbd7 8. Bd3 O-O 9. O-O c6 10. b4 Re8 11. Bb2 Rc8 12. Qd2 cxd5 13. cxd5 exd5 14. exd5 Nxd5 15. Nxd5 Bxd5 16. Bxh7+ Kxh7 17. Qxd5 Kg8 18. Rad1 Rc2 19. Qb3 Rc8 20. Nd4 Bf6 21. Nf5 Re6 22. Nxd6 Rc6 23. Nf5 Bxb2 24. Qxb2 Qg5 25. Qxg7+ Qxg7 26. Nxg7 Red6 27. Nf5 Rxd1 28. Rxd1 Ne5 29. Ne7+ 1-0

[Event "January 2 Late 2024"]
[Site "https://www.chess.com"]
[Date "2024.01.02"]
[Round "11"]
[White "Mahdavi, Reza"]
[Black "Niedbala, Bartlomiej"]
[Result "1-0"]
[Board "24"]
[TimeControl "180+1"]
[WhiteFideId "12595926"]
[BlackFideId "21834008"]
[WhiteElo "2874"]
[BlackElo "2671"]
[WhiteTeam "IRI"]
[BlackTeam "POL"]
[WhiteClock "0:00:46"]
[BlackClock "0:00:00"]

1. e4 Nf6 2. d3 e5 3. Nf3 Nc6 4. g3 Bc5 5. Bg2 d6 6. h3 O-O 7. O-O a5 8. c3 Ba7 9. Nbd2 h6 10. Nc4 Re8 11. Be3 b5 12. Ncd2 b4 13. Bxa7 Rxa7 14. Rc1 Ne7 15. d4 Ng6 16. dxe5 dxe5 17. Qc2 Qe7 18. Rfe1 Be6 19. b3 c5 20. cxb4 cxb4 21. Qc5 Qxc5 22. Rxc5 Nd7 23. Rc6 a4 24. Bf1 Ne7 25. Rc2 axb3 26. axb3 Rea8 27. Rec1 Ra2 28. Kg2 Rxc2 29. Rxc2 Rc8 30. Ra2 Nc5 31. Nxe5 Nxb3 32. Nxb3 Bxb3 33. Ra7 Nc6 34. Nxc6 Rxc6 35. Rb7 Bc2 36. Rxb4 Re6 37. Kf3 f5 38. Bc4 Bxe4+ 39. Kf4 g5+ 40. Ke3 Bd5+ 41. Kd3 Bxc4+ 42. Rxc4 Kg7 43. Rc2 Kf6 44. Kd4 Rd6+ 45. Kc5 Rd8 46. Re2 h5 47. Kc6 Rd1 48. Kc5 Rh1 49. Kd6 Rd1+ 50. Kc5 f4 51. gxf4 gxf4 52. Kc4 Kf5 53. Kc3 Rh1 54. Re8 Rxh3+ 55. Kd4 Kg4 56. Ke4 Rh2 57. Rg8+ Kh4 58. f3 Re2+ 59. Kxf4 Kh3 60. Rh8 h4 61. Kg5 Rg2+ 62. Kf5 Rf2 63. f4 Rf1 64. Kg5 Kg3 65. Rxh4 Ra1 66. Rh8 Ra7 67. f5 Rg7+ 68. Kf6 Rg8 69. Rxg8+ 1-0

[Event "January 2 Late 2024"]
[Site "https://www.chess.com"]
[Date "2024.01.02"]
[Round "11"]
[White "Rustemov, Alexander"]
[Black "Womacka, Mathias"]
[Result "1-0"]
[Board "25"]
[TimeControl "180+1"]
[WhiteFideId "4119002"]
[BlackFideId "4611390"]
[WhiteElo "2860"]
[BlackElo "2585"]
[WhiteTeam "RUS"]
[BlackTeam "GER"]
[WhiteClock "0:00:27"]
[BlackClock "0:00:00"]

1. d4 Nf6 2. c4 e6 3. Nf3 Bb4+ 4. Bd2 Qe7 5. g3 Bxd2+ 6. Qxd2 Nc6 7. a3 d5 8. Bg2 dxc4 9. Qc3 O-O 10. Qxc4 e5 11. d5 Nb8 12. Nc3 c6 13. O-O cxd5 14. Nxd5 Nxd5 15. Qxd5 Nc6 16. Rac1 Be6 17. Qc5 Qxc5 18. Rxc5 f6 19. Rfc1 Rfc8 20. Ne1 Nd4 21. Kf1 Rxc5 22. Rxc5 Rc8 23. Rxc8+ Bxc8 24. e3 Ne6 25. Ke2 Kf8 26. f4 exf4 27. exf4 Ke7 28. Ke3 Kd6 29. Nd3 b6 30. b4 Nc7 31. Nb2 Be6 32. Bf1 Nd5+ 33. Kd4 h6 34. Nc4+ Ke7 35. Bg2 Nc7 36. Bc6 Bxc4 37. Kxc4 Ke6 38. Kd4 g5 39. Ke4 Na6 40. Bd5+ Kd6 41. Bc4 Nc7 42. Kf5 Ke7 43. Kg6 gxf4 44. gxf4 Ne6 45. Bxe6 Kxe6 46. f5+ Ke5 47. b5 h5 48. h4 1-0

[Event "January 2 Late 2024"]
[Site "https://www.chess.com"]
[Date "2024.01.02"]
[Round "11"]
[White "Bortnyk, Olexandr"]
[Black "Msellek, Ilyass"]
[Result "0-1"]
[Board "26"]
[TimeControl "180+1"]
[WhiteFideId "14120828"]
[BlackFideId "675938"]
[WhiteElo "3003"]
[BlackElo "2750"]
[WhiteTeam "UKR"]
[BlackTeam "MAR"]
[WhiteClock "0:00:53"]
[BlackClock "0:01:22"]

1. e4 Nf6 2. Ke2 Ng8 3. Ke1 Nc6 4. d4 Nb8 5. c4 c5 6. d5 d6 7. Nc3 g6 8. f4 Bg7 9. Nf3 Nf6 10. Bd3 O-O 11. e5 dxe5 12. fxe5 Ng4 13. Bf4 Nd7 14. Qe2 Qc7 15. d6 exd6 16. exd6 Qd8 17. Nd5 Ndf6 18. Ne7+ Kh8 19. h3 Nh5 20. hxg4 Nxf4 21. Ng5 h6 22. Rxh6+ Bxh6 23. Qe5+ f6 24. Qxf4 Bxg5 25. Qh2+ Kg7 26. Bxg6 Rh8 27. Qg3 Bh4 0-1

[Event "January 2 Late 2024"]
[Site "https://www.chess.com"]
[Date "2024.01.02"]
[Round "11"]
[White "Makarian, Rudik"]
[Black "Rastbod, Ali"]
[Result "1-0"]
[Board "27"]
[TimeControl "180+1"]
[WhiteFideId "44105681"]
[BlackFideId "12567477"]
[WhiteElo "3003"]
[BlackElo "2739"]
[WhiteTeam "FID"]
[BlackTeam "IRI"]
[WhiteClock "0:00:11"]
[BlackClock "0:00:00"]

1. e4 e6 2. d3 d5 3. Nd2 Nf6 4. Ngf3 Be7 5. g3 O-O 6. Bg2 a5 7. O-O a4 8. a3 Nc6 9. e5 Nd7 10. Re1 f6 11. exf6 Bxf6 12. c3 e5 13. Nf1 Nc5 14. Ne3 Be6 15. h4 h6 16. Nh2 e4 17. d4 Nb3 18. Rb1 Qd6 19. Rf1 Rae8 20. Neg4 Bd8 21. Bd2 Nca5 22. Ne3 Nxd2 23. Qxd2 Nb3 24. Qe2 c5 25. dxc5 Qxc5 26. Nc2 Bb6 27. Rbd1 Rf6 28. Nd4 Nxd4 29. cxd4 Qd6 30. Ng4 Bxg4 31. Qxg4 Ref8 32. h5 Ba7 33. Rd2 Rf5 34. Bh3 Kh8 35. Qxf5 Rxf5 36. Bxf5 e3 37. Rc2 g6 38. hxg6 Bxd4 39. Kg2 exf2 40. Rfc1 Kg7 41. Rc7+ Kf6 42. Rf7+ Kg5 43. Bd3 Be3 44. g7 Qd8 45. Rf8 1-0

[Event "January 2 Late 2024"]
[Site "https://www.chess.com"]
[Date "2024.01.02"]
[Round "11"]
[White "Syaputra, Arifa Rizki"]
[Black "Matlakov, Maxim"]
[Result "1-0"]
[Board "28"]
[TimeControl "180+1"]
[WhiteFideId "7105100"]
[BlackFideId "4168003"]
[WhiteElo "2700"]
[BlackElo "2954"]
[WhiteTeam "INA"]
[BlackTeam "RUS"]
[WhiteClock "0:00:39"]
[BlackClock "0:00:14"]

1. d4 Nc6 2. Nf3 d6 3. e4 Nf6 4. Nc3 g6 5. h3 Bg7 6. Be3 O-O 7. Qd2 a6 8. a4 b6 9. Bc4 Bb7 10. O-O e6 11. Rfe1 Ne7 12. Bh6 d5 13. exd5 Nexd5 14. Bxg7 Kxg7 15. Ne5 Qd6 16. Nxd5 Nxd5 17. c3 Rad8 18. Rad1 h5 19. Qg5 Qe7 20. Qg3 Qf6 21. Bd3 c5 22. dxc5 bxc5 23. Be4 Ba8 24. h4 Ne7 25. Nd7 Nf5 26. Bxf5 Qxf5 27. Nxf8 Rxf8 28. Qe5+ Qxe5 29. Rxe5 Bd5 30. c4 Bxc4 31. Rxc5 Bd5 32. b4 Rb8 33. b5 axb5 34. axb5 f6 35. Ra1 f5 36. f4 Kf6 37. g3 Ke7 38. Ra6 Kd7 39. Kf2 Rb7 40. Ke3 Rb8 41. Kd4 Rb7 42. Ke5 Rb8 43. Rd6+ Ke7 44. Rc7+ Kf8 45. Kf6 Rxb5 46. Rd8# 1-0

[Event "January 2 Late 2024"]
[Site "https://www.chess.com"]
[Date "2024.01.02"]
[Round "11"]
[White "Fantinel, Thibault"]
[Black "Kramnik, Vladimir"]
[Result "0-1"]
[Board "29"]
[TimeControl "180+1"]
[WhiteFideId "663395"]
[BlackFideId "4101588"]
[WhiteElo "2680"]
[BlackElo "2954"]
[WhiteTeam "FRA"]
[BlackTeam "RUS"]
[WhiteClock "0:00:04"]
[BlackClock "0:00:05"]

1. e4 c5 2. Nf3 d6 3. Bb5+ Nd7 4. c3 Nf6 5. Qe2 e5 6. O-O a6 7. Ba4 Be7 8. d4 b5 9. Bc2 O-O 10. a4 Rb8 11. axb5 axb5 12. Rd1 Qc7 13. Na3 Ba6 14. Bg5 Rfe8 15. d5 h6 16. Be3 c4 17. Nxc4 Qxc4 18. Qxc4 bxc4 19. Rxa6 Rxb2 20. Ba4 Rd8 21. Nd2 Ra2 22. f3 Nf8 23. Nxc4 Ng6 24. Bb5 Rc2 25. Rc1 Rxc1+ 26. Bxc1 Rb8 27. Rb6 Ra8 28. Be3 Ra1+ 29. Kf2 Ra2+ 30. Nd2 Nh5 31. g3 Nhf4 32. Bf1 Rc2 33. Rb8+ Kh7 34. c4 Bg5 35. Rb7 f6 36. h4 Nxh4 37. gxh4 Bxh4+ 38. Kg1 Be1 39. Nb3 Nh5 40. Bd3 Rc3 41. Bf1 Rxe3 42. c5 dxc5 43. Nxc5 Rxf3 44. d6 Bf2+ 45. Kg2 Rf4 46. d7 Bxc5 47. d8=Q Rf2+ 48. Kh3 Rxf1 49. Qd7 Rf3+ 50. Kg2 Rf4 51. Qf7 Rg4+ 52. Kh3 Rg5 53. Qe8 Nf4+ 54. Kh2 Bg1+ 55. Kh1 Bf2 56. Kh2 Rh5+ 57. Qxh5 Nxh5 58. Kg2 Bd4 59. Kf3 Kg6 60. Kg4 Nf4 61. Rb2 h5+ 62. Kf3 Kh6 63. Rb8 g6 64. Rh8+ Kg5 65. Rc8 h4 0-1